Map: Bridgehead LE (Void)

Players

wabbajack - Winner!

  • Race: Zerg Zerg
  • League: Gold

VOD

Have the link to the VOD?

Description

Time

  • Played on: July 21, 2015, 12:42 p.m.
  • Length: 4:30
Show
View Real Time Build Order
Export as new Build Order

wabbajack Zerg - Winner!

Build Orders: Hatch First 

Get SALT Encoding   

  12  0:02  Drone  
  12  0:14  Overlord  
  12  0:18  Drone  
  12  0:23  Extractor  
  12  0:24  Drone  
  12  0:33  Drone  
  12  0:43  Drone  
  12  0:50  Drone  
  12  0:58  Hatchery  
  12  0:59  Drone  
  12  1:02  Extractor  
  12  1:14  Spawning Pool  
  12  1:18  Drone  
  12  1:21  Drone  
  12  1:32  Drone  
  12  1:52  Drone  
  12  1:53  Overlord  
  12  2:02  Queen  
  12  2:07  Roach Warren  
  12  2:10  Queen  
  12  2:11  Drone x2  
  12  2:14  Drone  
  12  2:21  Drone  
  12  2:24  Metabolic Boost  
  12  2:27  Drone  
  12  2:33  Overlord  
  12  2:39  Overlord  
  12  2:51  Roach  
  12  2:55  Roach  
  12  2:56  Roach  
  12  2:57  Roach  
  12  3:05  Overlord  
  12  3:15  Roach x2  
  12  3:16  Roach  
  12  3:17  Roach  
  12  3:28  Zergling x4  
  12  3:29  Zergling x4  
  12  3:45  Zergling x6  
  12  3:46  Zergling x12  
  12  4:02  Overlord  
  12  4:03  Zergling x4  
Tags
 
Add a new tag
Caveats
  • Supply blocks, unpowered buildings, or Contaminate may cause inaccurate times.
  • Supply counts are checked every 10 seconds.